 Dungeon Crawl Stone Soup version 0.27-a0-1416-g941b2bd30b (webtiles) character file.

Game seed: 2110277593662153901

501 pyrow613 the Skirmisher (level 6, -4/53 HPs)
             Began as a Demonspawn Gladiator on July 1, 2021.
             Was a Believer of Makhleb.
             Slain by a hornet (11 damage)
             ... while paralysed by a hornet
             ... on level 5 of the Dungeon.
             The game lasted 00:10:53 (4820 turns).

pyrow613 the Skirmisher (Demonspawn Gladiator)      Turns: 4820, Time: 00:10:54

Health: -4/53      AC: 10    Str: 17    XL:     6   Next: 95%
Magic:  6/6        EV:  2    Int:  9    God:    Makhleb [**....]
Gold:   202        SH:  0    Dex: 14    Spells: 5/5 levels left

rFire    . . .     SeeInvis .   a - +0 long sword
rCold    . . .     Faith    +   (no shield)
rNeg     + . .     Spirit   .   e - +2 ring mail {rN+}
rPois    .         Reflect  .   c - +0 helmet
rElec    .         Harm     .   (no cloak)
rCorr    .         Rampage  .   q - +0 pair of gloves
Will     .....                  (no boots)
Stlth    +.........             p - amulet of faith
HPRegen  0.17/turn              (no ring)
MPRegen  0.10/turn              (no ring)

@: paralysed, lethally poisoned (-4 -> -25), slowed
A: rugged brown scales 1, powered by death 1
a: Renounce Religion, Minor Destruction


You were on level 5 of the Dungeon.
You worshipped Makhleb.
Makhleb was pleased with you.
You visited 1 branch of the dungeon, and saw 5 of its levels.

You collected 202 gold pieces.

Inventory:

Hand Weapons
 a - a +0 long sword (weapon)
 b - a +0 fustibalus
Armour
 c - a +0 helmet (worn)
 e - a +2 ring mail of positive energy (worn)
 q - a +0 pair of gloves (worn)
 r - a +0 ring mail of poison resistance
Jewellery
 p - an amulet of faith (around neck)
Wands
 k - a wand of flame (17)
 l - a wand of acid (11)
Scrolls
 f - a scroll of amnesia {unknown}
 g - a scroll of enchant weapon {unknown}
 h - a scroll of immolation {unknown}
 i - a scroll of brand weapon {unknown}
 n - a scroll of silence {unknown}
 o - a scroll of fog {unknown}
Potions
 j - a potion of heal wounds {unknown}
 m - a potion of degeneration {unknown}


   Skills:
 * Level 6.3 Fighting
 + Level 4.6 Long Blades
 - Level 1.7 Throwing
 - Level 2.6 Dodging


You had 5 spell levels left.
You didn't know any spells.
Your spell library contained the following spells:

 Spells                   Type           Power      Damage    Failure   Level
 Magic Dart               Conj           0%         1d3       58%         1
 Searing Ray              Conj           0%         3d3       75%         2
 Call Canine Familiar     Summ           0%         N/A       92%         3
 Inner Flame              Hex/Fire       0%         N/A       92%         3
 Portal Projectile        Hex/Tloc       0%         N/A       92%         3
 Cause Fear               Hex            0%         N/A       100%        4
 Fulminant Prism          Conj/Hex       0%         3d6       100%        4
 Leda's Liquefaction      Hex/Erth       0%         N/A       100%        4
 Discord                  Hex            0%         N/A       100%        8


Dungeon Overview and Level Annotations

Branches:
Dungeon (5/15)
 Temple: D:4-7

Altars:
Ashenzari
Makhleb

Shops:
D:1 :


Innate Abilities, Weirdness & Mutations

You are partially covered in rugged brown scales. (AC +1, +3% HP)
You regenerate a little health from kills.


Message History

The hornet struggles against the net.
The net rips apart, and the hornet comes free!
The hornet stings you!
You are poisoned.
You suddenly lose the ability to move!
You feel sick. The hornet stings you!
You feel yourself slow down.
The hornet stings you but does no damage.
You can move again.
Unknown command.
You hit the hornet.
The hornet is severely wounded.
You feel yourself speed up.
You feel very sick. The hornet closely misses you.
The hornet stings you but does no damage.
Unknown command.
Throw: throwing net
Press: ? - help, Q - select action, (/) - cycle Shift-Dir - straight line, f/p - hornet
Aim: a hornet (severely wounded, covered in acid, 48% to hit)
You throw a throwing net. The throwing net hits the hornet.
The hornet is caught in the net!
The hornet is severely wounded.
You feel sick.
The hornet struggles against the net. x2
You hit the hornet but do no damage.
The hornet is severely wounded.
You feel sick.
The hornet struggles against the net.
The net rips apart, and the hornet comes free!
The hornet stings you!
You feel yourself slow down.
You closely miss the hornet.
The hornet is severely wounded.
You feel sick. The hornet stings you.
You suddenly lose the ability to move!
The hornet stings you.
You are more poisoned.
You feel as though you will be slow longer.
You feel very sick. The hornet stings you.
* * * LOW HITPOINT WARNING * * *
You are more poisoned.
You shrug off the repeated paralysis!
The hornet stings you!
You die...

...#
##...###.............####.
..## #...##..............#
## ..####
#...##.............##
○....#
#...##.............#
####...
....##............## #
##..>#...........## # #
#.........## # #.
#.........# # #..
##.@......## ##
#...#.y......## ##
#.....####..## # #.....#
#### #....## #...# #.#..
###.# #.


You could see a hornet (corroded).

Vanquished Creatures
  An ogre (D:4)
  A scorpion (D:4)
  A water moccasin skeleton (D:5)
  A howler monkey (D:3)
  A jelly (D:5)
  2 orc wizards (D:4)
  5 adders
  An ufetubus (D:4)
  An adder skeleton (D:4)
  2 worms
  3 dart slugs
  7 orcs
  13 ball pythons
  8 endoplasms
  7 giant cockroaches
  8 goblins
  7 hobgoblins
  19 jackals
  10 kobolds
  4 quokkas
  3 bats
  6 frilled lizards
  3 rats
114 creatures vanquished.

Vanquished Creatures (others)
  A jelly (D:5)
1 creature vanquished.

Grand Total: 115 creatures vanquished

Notes
Turn   | Place    | Note
-------+----------+-------------------------------------------
     0 | D:1      | pyrow613 the Demonspawn Gladiator began the quest for the
                  | Orb.
     0 | D:1      | Reached XP level 1. HP: 16/16 MP: 1/1
    84 | D:1      | You fall into a shaft and drop 1 floor!
   215 | D:1      | Gained mutation: You regenerate a little health from kills.
                  | [demonic ancestry]
   215 | D:1      | Reached XP level 2. HP: 14/23 MP: 2/2
   474 | D:1      | Reached skill level 3 in Fighting
   494 | D:1      | Reached XP level 3. HP: 25/29 MP: 3/3
   573 | D:1      | Found a faded altar of an unknown god.
   596 | D:1      | Found Ocroakaerch's Book Shop.
  1500 | D:2      | Found a burning altar of Makhleb.
  1521 | D:2      | Became a worshipper of Makhleb the Destroyer
  1879 | D:2      | Reached XP level 4. HP: 37/37 MP: 4/4
  2519 | D:3      | Found a broken altar of Ashenzari.
  2542 | D:3      | Reached skill level 4 in Fighting
  2842 | D:3      | Reached * piety under Makhleb
  3204 | D:4      | Noticed an ogre
  3253 | D:4      | Noticed a scorpion
  3272 | D:4      | Killed a scorpion
  3273 | D:4      | Reached XP level 5. HP: 13/43 MP: 5/5
  3501 | D:4      | Reached skill level 5 in Fighting
  3512 | D:4      | Killed an ogre
  3513 | D:4      | Gained mutation: You are partially covered in rugged brown
                  | scales. (AC +1, +3% HP) [demonic ancestry]
  3513 | D:4      | Reached XP level 6. HP: 44/52 MP: 6/6
  4026 | D:5      | Entered Level 5 of the Dungeon
  4115 | D:5      | Reached ** piety under Makhleb
  4139 | D:4      | Reached skill level 6 in Fighting
  4807 | D:5      | Noticed a hornet
  4814 | D:5      | Paralysed by a hornet for 2 turns
  4819 | D:5      | Paralysed by a hornet for 3 turns
  4820 | D:5      | Slain by a hornet

Illustrated notes

Levels and vault maps discovered:
D:1:      lemuel_arrival_river_bridge, layout_basic, serial_shops, shop,
          basic_ecumenical_altar, minmay_misc_feat_more_columns,
          minmay_splitting_lines
D:2:      layout_basic, basic_altar
D:3:      minmay_octagon_keep, layout_basic, cheibrodos_ashenzari_chains,
          serial_glass, glass_columns_a, glass_columns_b,
          minmay_strange_pillars, chequers_serial_rivers_micro_a
D:4:      layout_rooms
D:5:      layout_cave_pods, st_stairs_13, lemuel_flamethrower_2, uniq_edmund

Skill      XL: |  1  2  3  4  5  6 |
---------------+-------------------+-----
Long Blades    | 3 4 |  4.6
Fighting       | 3 4 5 6 |  6.3
Throwing       | |  1.7
Dodging        | |  2.6

Action                   |  1- 3 |  4- 6 || total
-------------------------+-------+-------++-------
Melee: Long sword        |   150 |   198 ||   348
Throw: Throwing net      |       |     3 ||     3
Invok: Minor Destruction |       |     1 ||     1
  Use: Potion            |       |     4 ||     4
       Scroll            |       |     2 ||     2
 Stab: Invisible         |       |     2 ||     2
Armor: Ring mail         |    85 |   126 ||   211
       Leather armour    |     1 |       ||     1
       Skin              |       |     8 ||     8
Dodge: Dodged            |   117 |   138 ||   255
       Rpst.: Long sword |    44 |    44 ||    88

Table legend: (Time is in decaauts)
 A = Elapsed time spent in this place.
 B = Non-inter-level travel time spent in this place.
 C = Inter-level travel time spent in this place.
 D = Time resting spent in this place.
 E = Time spent auto-exploring this place.
 F = Levels seen in this place.
 G = Mean time per level.
                   A        B        C        D        E       F      G
               +--------+--------+--------+--------+--------+-----+--------+
         Total |   4882 |   4717 |    165 |    742 |   3139 |   5 |  976.4 |
       Dungeon |   4882 |   4717 |    165 |    742 |   3139 |   5 |  976.4 |
               +--------+--------+--------+--------+--------+-----+--------+

Top non-repeatable levels by time:
     D:1: 1259 daAuts
     D:3: 1036 daAuts
     D:4: 1031 daAuts
     D:2: 1011 daAuts
     D:5: 542 daAuts
